 Dungeon Crawl Stone Soup version 0.26-a0-682-g294304f6e8 (webtiles) character file.

Game seed: 3455744378544305026

9 mandarbmax the Stinger (level 2, 0/19 HPs)
             Began as a Demonspawn Venom Mage on Oct 20, 2020.
             Slain by a gnoll
             ... wielding a +0 spear
              (6 damage)
             ... on level 1 of the Dungeon.
             The game lasted 00:02:04 (553 turns).

mandarbmax the Stinger (Demonspawn Venom Mage)       Turns: 553, Time: 00:02:05

Health: 0/19       AC:  8    Str:  8    XL:     2   Next: 6%
Magic:  1/5        EV: 12    Int: 16    God:
Gold:   0          SH:  0    Dex: 13    Spells: 4/5 levels left

rFire    . . .     SeeInvis .   g - +3 short sword
rCold    . . .     Faith    .   (no shield)
rNeg     . . .     Spirit   .   a - +0 robe
rPois    .         Reflect  .   (no helmet)
rElec    .         Harm     .   (no cloak)
rCorr    .         Rampage  .   (no gloves)
MR       .....                  (no boots)
Stlth    ++........             (no amulet)
HPRegen  0.06/turn              (no ring)
MPRegen  0.09/turn              (no ring)

@: sanguine armour
A: sanguine armour 1
a: no special abilities


You were on level 1 of the Dungeon.
You visited 1 branch of the dungeon, and saw 1 of its levels.

Inventory:

Hand Weapons
 g - a +3 short sword (weapon)
Armour
 a - a +0 robe (worn)
Scrolls
 b - a scroll of identify {unknown}
 c - a scroll of fog {unknown}
 e - a scroll of random uselessness {unknown}
Potions
 d - a potion of curing {unknown}
 f - a potion of mutation {unknown}


   Skills:
 - Level 2.0 Dodging
 - Level 2.0 Stealth
 - Level 2.0 Spellcasting
 - Level 1.0 Transmutations
 + Level 3.3 Poison Magic


You had 4 spell levels left.
You knew the following spells:

 Your Spells              Type           Power        Failure   Level
a - Sting                 Tmut/Pois      #...         9%          1

Your spell library contained the following spells:

 Spells                   Type           Power        Failure   Level
 Poisonous Vapours        Pois/Air       #.....       16%         2
 Ignite Poison            Fire/Tmut/Pois #.......     34%         3
 Mephitic Cloud           Conj/Pois/Air  #.......     36%         3
 Olgreb's Toxic Radiance  Pois           ##......     45%         4


Dungeon Overview and Level Annotations

Branches:
Dungeon (1/15)

Altars:


Innate Abilities, Weirdness & Mutations

When seriously injured, your bleeding wounds create armour. (AC +6)


Message History

Your blood congeals into armour.
You are too injured to fight recklessly!
You are too injured to fight recklessly!
Casting: Sting (safe; 9% risk of failure)
Confirm with . or Enter, or press ? or * to list all spells.
Aiming: Sting (safe; 9% risk of failure)
Press: ? - help, Shift-Dir - straight line, f/p - gnoll
Aim: a gnoll, wielding a +0 spear (heavily wounded, poisoned)
The sting hits the gnoll.
The gnoll looks even sicker.
The gnoll is heavily wounded.
The gnoll closely misses you.
Casting: Sting (safe; 9% risk of failure)
Confirm with . or Enter, or press ? or * to list all spells.
Aiming: Sting (safe; 9% risk of failure)
Press: ? - help, Shift-Dir - straight line, f/p - gnoll
Aim: a gnoll, wielding a +0 spear (heavily wounded, very poisoned)
The sting hits the gnoll.
The gnoll looks even sicker.
The gnoll is severely wounded.
The gnoll hits you with a +0 spear.
You die...

#.....# #....#
#.#.#######.## .≈
#.#.........# ≈≈≈
.....######## ≈≈≈≈
#.##.# ##≈≈≈≈ #....##
#...P≈≈ #.....#######
...≈.≈≈
............#####g....≈≈
............>...@.....P≈
.......####.#######....≈
....(.## ##.## #.P
......# #...# ÷##.#.#
#...# #### ......#
###### ≈§§#
.##.########..## ≈§≈#
....####..####.# ..≈#
.##.#...###...## ≈!§#


You could see a gnoll (very poisoned).

Vanquished Creatures
  A leopard gecko (D:1)
  A jackal (D:1)
  5 kobolds (D:1)
  2 frilled lizards (D:1)
9 creatures vanquished.

Notes
Turn   | Place    | Note
-------+----------+-------------------------------------------
     0 | D:1      | mandarbmax the Demonspawn Venom Mage began the quest for
                  | the Orb.
     0 | D:1      | Reached XP level 1. HP: 13/13 MP: 3/3
    78 | D:1      | Reached skill level 1 in Transmutations
   412 | D:1      | Gained mutation: When seriously injured, your bleeding
                  | wounds create armour. (AC +6) [demonic ancestry]
   412 | D:1      | Reached XP level 2. HP: 19/19 MP: 1/5
   553 | D:1      | Slain by a gnoll

Illustrated notes

Levels and vault maps discovered:
D:1:      dpeg_arrival_brainrot, layout_loops_cross, kennysheep_another_room,
          chequers_big_river

Skill      XL: |  1 |
---------------+----+-----
Transmutations | 1 |  1.0
Dodging        | 2 |  2.0
Stealth        | 2 |  2.0
Spellcasting   | |  2.0
Poison Magic   | |  3.3

Action                   || total
-------------------------++-------
Melee: Short sword       ||     5
       Unarmed           ||     1
 Cast: Sting             ||    18
Dodge: Dodged            ||     4

Table legend: (Time is in decaauts)
 A = Elapsed time spent in this place.
 B = Non-inter-level travel time spent in this place.
 C = Inter-level travel time spent in this place.
 D = Time resting spent in this place.
 E = Time spent auto-exploring this place.
 F = Levels seen in this place.
 G = Mean time per level.
                   A        B        C        D        E       F      G
               +--------+--------+--------+--------+--------+-----+--------+
         Total |    552 |    552 |      0 |     34 |    445 |   1 |  552.0 |
       Dungeon |    552 |    552 |      0 |     34 |    445 |   1 |  552.0 |
               +--------+--------+--------+--------+--------+-----+--------+

Top non-repeatable levels by time:
     D:1: 552 daAuts
